 Dungeon Crawl Stone Soup version 0.23-a0-26-g9187234747 (webtiles) character file.

100 Htamos the Conjurer (level 4, 0/28 HPs)
             Began as an Octopode Conjurer on Aug 3, 2018.
             Was an Initiate of the Shining One.
             Slain by an adder (3 damage)
             ... on level 3 of the Dungeon.
             The game lasted 00:07:42 (2458 turns).

Htamos the Conjurer (Octopode Conjurer)             Turns: 2458, Time: 00:07:42

Health: 0/28       AC:  1    Str:  7    XL:     4   Next: 74%
Magic:  8/8        EV: 13    Int: 18    God:    the Shining One [......]
Gold:   49         SH:  0    Dex: 12    Spells: 7/8 levels left

rFire    . . .     SeeInvis .   p - +2 hand axe (chop)
rCold    . . .     Gourm    .   (no shield)
rNeg     . . .     Faith    .   (helmet restricted)
rPois    .         Spirit   .   (no amulet)
rElec    .         Reflect  .   (no ring)
rCorr    .         Harm     .   (no ring)
MR       .....                  (no ring)
Stlth    ++........             (no ring)
HPRegen  0.09/turn              (no ring)
MPRegen  0.11/turn              (no ring)
                                (no ring)
                                (no ring)

@: lethally poisoned (0 -> -2), glowing
A: almost no armour, stealthy swim, amphibious, 8 rings, constrict 8, camouflage
1, gelatinous body 1
a: Renounce Religion


You were on level 3 of the Dungeon.
You worshipped the Shining One.
The Shining One was noncommittal.
You were not hungry.

You visited 1 branch of the dungeon, and saw 3 of its levels.

You collected 49 gold pieces.

Inventory:

Hand Weapons
 f - a +0 dagger
 p - a +2 hand axe of chopping (weapon)
Missiles
 g - 126 stones (quivered)
Jewellery
 e - a +2 ring of evasion {unknown}
 j - an uncursed ring of fire {unknown}
 o - an uncursed ring of magical power {unknown}
 q - an uncursed ring of protection from fire {unknown}
Scrolls
 c - a scroll of noise
 d - a scroll of enchant weapon
 i - a scroll of immolation
 k - a scroll of amnesia
 l - a scroll of enchant armour
Potions
 m - a potion of might {unknown}
 r - a potion of lignification {unknown}
Comestibles
 b - 2 rations
 n - 3 chunks of flesh


   Skills:
 + Level 1.6 Fighting
 - Level 2.0 Dodging
 - Level 3.5 Stealth
 + Level 2.7 Spellcasting
 * Level 4.9 Conjurations


You had 7 spell levels left.
You knew the following spells:

 Your Spells              Type           Power        Failure   Level  Hunger
a - Magic Dart            Conj           ###.         2%          1    #......

Your spell library contained the following spells:

 Spells                   Type           Power        Failure   Level  Hunger
 Iskenderun's Mystic Bla  Conj           ###.....     22%         4    #####..
 Fulminant Prism          Conj/Hex       ##........   52%         4    #####..
 Dazzling Spray           Conj/Hex       ##....       19%         3    ###....
 Force Lance              Conj/Tloc      ##......     52%         4    #####..
 Searing Ray              Conj           ###...       3%          2    ##.....


Dungeon Overview and Level Annotations

Branches:
Dungeon (3/15)

Altars:
Cheibriados
Uskayaw
Xom
Zin
The Shining One


Innate Abilities, Weirdness & Mutations

You cannot wear most types of armour.
You are very stealthy in the water. (Stealth+)
You are amphibious.
You can wear up to eight rings at the same time.
You can use your tentacles to constrict eight enemies at once.
Your skin changes colour to match your surroundings (Stealth+).
Your rubbery body absorbs attacks. (AC +1, EV +1)


Message History

The crimson imp shouts, "Return whence thou came, thou artless dread-bolted socdollager!"
Found a scroll of immolation and a scroll of enchant weapon.
Unknown command.
Okay, then.
You feel better. The crimson imp barely misses you.
The crimson imp blinks!
The adder bites you.
* * * LOW HITPOINT WARNING * * *
You are poisoned.
The adder poisons you!
You closely miss the adder. You grab the adder. You hit the crimson imp.
You constrict the adder.
You feel sick. The crimson imp hits you.
* * * LOW HITPOINT WARNING * * *
The adder barely misses you. The crimson imp hits you.
* * * LOW HITPOINT WARNING * * *
You hit the crimson imp. Your grab misses the crimson imp.
Your squeeze misses the crimson imp.
The crimson imp is moderately wounded.
You hit the adder. You constrict the adder. The adder barely misses you.
The adder bites you.
You die...

##.?...##
##.......##
......... .......
5.... ... #S# ...#
#@# >.#..# #5#
..#..# #.# ..#..##
#.# #####.#....
#.# #.#.#.##.##
#.#### #.#.#.##.#
#....###...#.##.##
####.#.'._.'.....5
#...#...#....##


You could see 2 crimson imps and an adder.

Vanquished Creatures
  A worker ant (D:3)
  An adder (D:3)
  A worm (D:3)
  3 dart slugs (D:2)
  5 orcs
  A ball python (D:2)
  5 bats
  3 giant cockroaches
  4 goblins
  6 hobgoblins
  4 jackals (D:2)
  A frilled lizard (D:2)
  11 kobolds
  6 rats
52 creatures vanquished.

Notes
Turn   | Place    | Note
-------+----------+-------------------------------------------
     0 | D:1      | Htamos the Octopode Conjurer began the quest for the Orb.
     0 | D:1      | Reached XP level 1. HP: 11/11 MP: 3/3
   234 | D:1      | Reached XP level 2. HP: 18/18 MP: 0/5
   909 | D:2      | Found a glowing silver altar of Zin.
   930 | D:2      | Reached XP level 3. HP: 22/22 MP: 0/6
   953 | D:2      | Reached skill level 1 in Fighting
  1884 | D:2      | Found a glowing golden altar of the Shining One.
  1892 | D:2      | Became a worshipper of the Shining One
  1995 | D:2      | Found a snail-covered altar of Cheibriados.
  2081 | D:2      | Reached XP level 4. HP: 28/28 MP: 7/7
  2130 | D:3      | Noticed a dagger
  2131 | D:3      | Noticed a dagger
  2134 | D:3      | Found a hide-covered altar of Uskayaw.
  2407 | D:3      | Found a shimmering altar of Xom.
  2458 | D:3      | Slain by an adder

Vault maps used:
D:1:      minmay_arrival_hallway
D:2:      nicolae_overflow_hidden_temple, old_standard_altar,
          lemuel_coloured_pillars_altar
D:3:      led_xom_imps, dancing_weapons_uskayaw, first_ration,
          hangedman_decor_growths, roderic_serpentine_path, kennysheep_donut

Skill      XL: |  1  2  3 |
---------------+----------+-----
Stealth        | 3 |  3.5
Fighting       | 1 |  1.6
Dodging        | |  2.0
Spellcasting   | |  2.7
Conjurations   | |  4.9

Action                   |  1- 3 |  4- 6 || total
-------------------------+-------+-------++-------
Melee: Unarmed           |    13 |       ||    13
       Constrict         |    12 |    10 ||    22
       Tentacles         |     8 |     1 ||     9
       Dagger            |    22 |       ||    22
       Hand axe          |    13 |    31 ||    44
 Cast: Magic Dart        |    61 |       ||    61
  Use: Scroll            |     5 |     2 ||     7
       Potion            |       |     2 ||     2
  Eat: Chunk             |     4 |     1 ||     5
Armor: Skin              |     1 |     2 ||     3
Dodge: Dodged            |    37 |    27 ||    64

Table legend:
 A = Spawn XP
 B = Non-spawn XP
 C = Spawn XP percentage of total XP
 D = Spawn monster count
 E = Non-spawn monster count
 F = Spawn count percentage of total count
 G = Total turns spent on level
                    A         B        C        D         E        F      G
               +---------+---------+-------+---------+---------+-------+---------
         Total |       0 |     144 |   0.0 |       0 |      52 |   0.0 |  2458
               +---------+---------+-------+---------+---------+-------+---------
           D:1 |       0 |      38 |   0.0 |       0 |      23 |   0.0 |  1352
           D:2 |       0 |      45 |   0.0 |       0 |      21 |   0.0 |   755
           D:3 |       0 |      61 |   0.0 |       0 |       8 |   0.0 |   351
               +---------+---------+-------+---------+---------+-------+---------
